 Dungeon Crawl Stone Soup version 0.24-a0-165-g1b465fe (webtiles) character file.

Game seed: 6939036088353583529

792 Dfrag the Firebug (level 7, -3/54 (55) HPs)
             Began as a Naga Fire Elementalist on Mar 6, 2019.
             Was an Initiate of Vehumet.
             Slain by an orc warrior
             ... wielding a +0 halberd
              (9 damage)
             ... on level 6 of the Dungeon.
             The game lasted 00:06:30 (4065 turns).

Dfrag the Firebug (Naga Fire Elementalist)          Turns: 4065, Time: 00:06:31

HP:   -3/54 (55)    AC:  6    Str: 11    XL:     7   Next: 88%
MP:   9/14          EV: 13    Int: 17    God:    Vehumet [......]
Gold: 306           SH:  0    Dex: 11    Spells: 7/15 levels left

rFire    + . .     SeeInvis +   A - -1 great sword (curse)
rCold    x . .     Gourm    .   (shield currently unavailable)
rNeg     . . .     Faith    .   a - +0 robe
rPois    +         Spirit   .   s - +2 helmet
rElec    .         Reflect  .   (no cloak)
rCorr    .         Harm     +   (no gloves)
MR       .....                  (no barding)
Stlth    ++........             o - amulet of harm
HPRegen  0.18/turn              p - ring of fire
MPRegen  0.14/turn              C - +3 ring of evasion

@: very slow
A: large, see invisible, deformed body, poison resistance, slowness 2, slow
metabolism 1, spit poison 1, AC +2
a: Spit Poison, Renounce Religion


You were on level 6 of the Dungeon.
You worshipped Vehumet.
Vehumet was noncommittal.
You were hungry.

You visited 2 branches of the dungeon, and saw 7 of its levels.

You collected 306 gold pieces.

Inventory:

Hand Weapons
 A - a cursed -1 great sword (weapon)
Armour
 a - a +0 robe (worn)
 j - a +2 hat
 s - a +2 helmet (worn)
Magical Staves
 x - an uncursed staff of earth
Jewellery
 o - an amulet of harm (around neck)
 p - a ring of fire (left hand)
 B - the ring of Mahykhommi {Ice Int+2 Dex+6}
   (You found it on level 5 of the Dungeon)

   [ring of ice]

   It enhances your ice magic.
   It affects your intelligence (+2).
   It affects your dexterity (+6).
   It makes you vulnerable to fire.
   It protects you from cold.
 C - a +3 ring of evasion (right hand)
Wands
 E - a wand of iceblast (5)
Scrolls
 d - 10 scrolls of identify {unknown}
 e - a scroll of enchant weapon {unknown}
 h - 2 scrolls of enchant armour {unknown}
 i - 3 scrolls of amnesia {unknown}
 k - 2 scrolls of noise {unknown}
 l - 2 scrolls of teleportation {unknown}
 m - 3 scrolls of remove curse {unknown}
 q - 3 scrolls of magic mapping {unknown}
 v - a scroll of immolation {unknown}
 w - a scroll of random uselessness {unknown}
 y - a scroll of silence {unknown}
Potions
 b - a potion of flight {unknown}
 f - 3 potions of curing {unknown}
 g - 2 potions of mutation {unknown}
 n - a potion of degeneration {unknown}
 r - 3 potions of heal wounds {unknown}
 t - 3 potions of might {unknown}
 u - a potion of agility {unknown}
 z - 3 potions of lignification {unknown}
Comestibles
 c - 12 rations


   Skills:
 - Level 1.5 Dodging
 - Level 3.0 Stealth
 + Level 4.8 Spellcasting
 + Level 4.8 Conjurations
 + Level 5.8 Fire Magic


You had 7 spell levels left.
You knew the following spells:

 Your Spells              Type           Power        Failure   Level  Hunger
a - Flame Tongue          Conj/Fire      ####.        1%          1    None
b - Conjure Flame         Conj/Fire      ####....     4%          3    ###....
c - Sticky Flame          Conj/Fire      ####....     16%         4    ####...

Your spell library contained the following spells:

 Spells                   Type           Power        Failure   Level  Hunger
 Magic Dart               Conj           ###.         1%          1    None
 Throw Flame              Conj/Fire      ####..       2%          2    #......
 Searing Ray              Conj           ###...       3%          2    #......
 Inner Flame              Hex/Fire       ###.....     13%         3    ###....
 Dazzling Spray           Conj/Hex       ##....       16%         3    ###....
 Iskenderun's Mystic Bla  Conj           ###.....     21%         4    ####...
 Fireball                 Conj/Fire      ####......   41%         5    ######.
 Force Lance              Conj/Tloc      ##......     47%         4    ####...
 Fulminant Prism          Conj/Hex       ##........   47%         4    ####...


Dungeon Overview and Level Annotations

Branches:
Dungeon (6/15)             Temple (1/1) D:5

Altars:
Ashenzari
Cheibriados
Elyvilon
Kikubaaqudgha
Makhleb
Okawaru
Sif Muna
Trog
Uskayaw
Vehumet
Wu Jian
Xom
Yredelemnul

Shops:
D:4 :


Innate Abilities, Weirdness & Mutations

You cannot wear boots.
Your serpentine skin is tough. (AC +2)
You have supernaturally acute eyesight. (SInv)
Armour fits poorly on your strangely shaped body.
Your system is resistant to poisons. (rPois)
You cover ground very slowly.
You have a slow metabolism.
You can spit poison.


Message History

The orc warrior burns!
The orc warrior hits you with a +0 halberd!
Unknown command.
The orc warrior burns!
The orc warrior hits you from afar with a +0 halberd!
The orc warrior burns! x2
The orc wizard gestures at you while chanting.
The magic dart hits you!
* * * LOW HITPOINT WARNING * * *
The orc barely misses you.
The orc warrior burns!
The orc warrior stops burning.
A wight comes into view. It is wielding a +4 trident.
The orc wizard mumbles some strange words.
The orc wizard seems to speed up.
The orc wizard points at you and mumbles some strange words.
The magic dart hits you!
* * * LOW HITPOINT WARNING * * *
There is a stone staircase leading up here.
The orc warrior hits you from afar with a +0 halberd!
You die...

........#
..#.#.#.#######
..............#
#.#.#.#.......#
#........)....#
..............#
....[..z....>.#
###......o.o..#
#........o.o@#
#............#
#............#
#..........###
#..$........
##........##.
....... .....


You could see an orc warrior, a wight, 2 orc wizards and an orc.

Vanquished Creatures
  An ice beast (D:5)
  A necrophage (D:4)
  A howler monkey (D:4)
  A bullfrog zombie (D:5)
  A hound (D:5)
  A jelly (D:5)
  An orc priest (D:6)
  2 orc wizards (D:5)
  7 worker ants
  A worker ant zombie (D:5)
  5 gnolls
  7 adders
  2 oozes
  An adder zombie (D:5)
  6 worms
  A dart slug (D:3)
  4 leopard geckos
  4 orcs
  A ball python (D:3)
  5 bats
  6 giant cockroaches
  5 goblins
  7 hobgoblins
  9 jackals (D:2)
  A quokka (D:5)
  A ball python zombie (D:6)
  3 frilled lizards
  A giant cockroach zombie (D:5)
  A jackal zombie (D:5)
  5 kobolds
  A leopard gecko skeleton (D:5)
  A quokka skeleton (D:4)
  5 rats
99 creatures vanquished.

Notes
Turn   | Place    | Note
-------+----------+-------------------------------------------
     0 | D:1      | Dfrag the Naga Fire Elementalist began the quest for the
                  | Orb.
     0 | D:1      | Reached XP level 1. HP: 15/15 MP: 3/3
   131 | D:1      | Reached XP level 2. HP: 12/22 MP: 1/5
   459 | D:1      | Reached XP level 3. HP: 13/28 MP: 3/6
   630 | D:2      | Found an ancient bone altar of Kikubaaqudgha.
  1632 | D:3      | Reached XP level 4. HP: 36/36 MP: 5/8
  1721 | D:3      | Learned a level 3 spell: Conjure Flame
  1726 | D:3      | Learned a level 4 spell: Sticky Flame
  2063 | D:3      | Reached skill level 4 in Fire Magic
  2159 | D:4      | Reached XP level 5. HP: 36/42 MP: 1/9
  2377 | D:4      | Found an iron altar of Okawaru.
  2651 | D:4      | Reached XP level 6. HP: 49/49 MP: 11/11
  2654 | D:4      | Found Apycs's Book Boutique.
  2751 | D:4      | Noticed a necrophage
  2762 | D:4      | Killed a necrophage
  2763 | D:4      | Found a shattered altar of Ashenzari.
  2764 | D:4      | Found an ornate altar of the Wu Jian Council.
  2764 | D:4      | Found a deep blue altar of Sif Muna.
  2935 | D:5      | Entered Level 5 of the Dungeon
  2992 | D:5      | Reached skill level 5 in Fire Magic
  3071 | D:5      | Noticed an ice beast
  3085 | D:5      | Reached XP level 7. HP: 43/54 MP: 5/13
  3240 | D:5      | Found a staircase to the Ecumenical Temple.
  3254 | Temple   | Entered the Ecumenical Temple
  3272 | Temple   | Became a worshipper of Vehumet
  3348 | D:5      | Noticed a moth of wrath
  3351 | D:5      | Found a bloodstained altar of Trog.
  3492 | D:5      | Got a twitching lead ring
  3730 | D:5      | Identified the ring of Mahykhommi {Ice Int+2 Dex+6} (You
                  | found it on level 5 of the Dungeon)
  4065 | D:6      | Slain by an orc warrior

Levels and vault maps discovered:
D:1:      dpeg_arrival_renting, layout_basic
D:2:      layout_loops_corners, kiku_gazebo_pond_becter
D:3:      layout_loops_ring
D:4:      layout_basic, marbit_many_paths, grunt_temple_overflow_open,
          serial_shops, shop
D:5:      minmay_thinvault, layout_gridville, tgw_trog,
          minmay_temple_entry_offerings, first_ration
D:6:      layout_rooms, kennysheep_mini, serial_glass, glass_columns_c,
          glass_columns_b, glass_columns_a, glass_columns_b, glass_columns_c,
          glass_columns_a, glass_columns_c, glass_columns_b, glass_columns_a,
          glass_columns_a, serial_shops, shop_statue, kennysheep_path_1
Temple:   dshaligram_water_room_temple

Skill      XL: |  1  2  3  4  5  6  7 |
---------------+----------------------+-----
Conjurations   | 2 3 4 |  4.8
Spellcasting   | 3 4 |  4.8
Fire Magic     | 4 5 |  5.8
Dodging        | |  1.5
Stealth        | |  3.0

Action                   |  1- 3 |  4- 6 |  7- 9 || total
-------------------------+-------+-------+-------++-------
Melee: Unarmed           |    15 |       |       ||    15
       Staff             |       |     5 |       ||     5
       Great sword       |       |       |     5 ||     5
 Cast: Flame Tongue      |    49 |    56 |    53 ||   158
       Sticky Flame      |       |     3 |     3 ||     6
       Conjure Flame     |       |     1 |       ||     1
 Abil: Spit Poison       |    23 |    18 |     4 ||    45
  Eat: Chunk             |     3 |     6 |     3 ||    12
Armor: Robe              |     6 |    16 |    11 ||    33
Dodge: Dodged            |    23 |    18 |    18 ||    59
       Rpst.: Great sword |       |       |     4 ||     4

Table legend:
 A = Non-vault XP
 B = Vault XP
 C = Vault XP percentage of total XP
 D = Non-vault monster count
 E = Vault monster count
 F = Vault count percentage of total count
                 A         B        C        D         E       F
            +---------+---------+-------+---------+---------+-------
      Total |     756 |     376 |  33.2 |      82 |      17 |  17.2
            +---------+---------+-------+---------+---------+-------
        D:1 |      34 |       0 |   0.0 |      14 |       0 |   0.0
        D:2 |      42 |       0 |   0.0 |      22 |       0 |   0.0
        D:3 |      75 |       0 |   0.0 |      15 |       0 |   0.0
        D:4 |     374 |       0 |   0.0 |      17 |       0 |   0.0
        D:5 |     189 |     376 |  66.5 |      12 |      17 |  58.6
        D:6 |      42 |       0 |   0.0 |       2 |       0 |   0.0
            +---------+---------+-------+---------+---------+-------
